 Dungeon Crawl Stone Soup version 0.29-a0-410-g9596d59a08 (webtiles) character file.

Game seed: 13974802960783676665

2 Ge0ff the Skirmisher (level 1, -4/14 HPs)
             Began as a Gargoyle Monk on May 14, 2022.
             Engulfed by a cloud of flame (18 damage)
             ... on level 1 of the Dungeon.
             The game lasted 00:00:45 (294 turns).

Ge0ff the Skirmisher (Gargoyle Monk)                 Turns: 294, Time: 00:00:45

Health: -4/14      AC:  4    Str: 14    XL:     1   Next: 40%
Magic:  1/1        EV: 12    Int: 10    God:
Gold:   31         SH:  0    Dex: 12    Spells: 0/0 levels left

rFire   . . .      SeeInvis .   a - +0 mace
rCold   . . .      Faith    .   (no shield)
rNeg    + . .      Spirit   .   b - +0 robe
rPois   ∞          Reflect  .   (no helmet)
rElec   +          Harm     .   (no cloak)
rCorr   .          Rampage  .   (no gloves)
Will    .....                   (no boots)
Stlth   ++........              (no amulet)
HPRegen 0.04/turn               (no ring)
MPRegen 0.07/turn               (no ring)

@: no status effects
A: sickness immunity, AC +2, negative energy resistance 1, electricity
resistance, torment resistance 1, petrification resistance
a: no special abilities


You were on level 1 of the Dungeon.
You visited 1 branch of the dungeon, and saw 1 of its levels.

You collected 31 gold pieces.

Inventory:

Hand Weapons
 a - a +0 mace (weapon)
Armour
 b - a +0 robe (worn)
Scrolls
 p - a scroll of blinking {unknown}
Potions
 o - a potion of ambrosia


   Skills:
 - Level 3.2 Fighting
 + Level 3.2 Maces & Flails
 - Level 2.4 Dodging
 - Level 2.1 Stealth


You couldn't memorise any spells.
You didn't know any spells.
Your spell library was empty.

Dungeon Overview and Level Annotations

Branches:
Dungeon (1/15)

Altars:


Innate Abilities, Weirdness & Mutations

You are immune to sickness and miasma.
Your stone body is resilient. (AC +2)
You are immune to poison.
You resist negative energy. (rN+)
You are resistant to electric shocks. (rElec)
You are resistant to unholy torment.
You are immune to petrification.


Message History

You now have 31 gold pieces (gained 5).
The helpless bat fails to defend itself.
You sock the bat!
You kill the bat!
There is a dry fountain here.
There is a dry fountain here.
There is a dry fountain here.
A kobold comes into view. It is wielding a +0 dagger.
You hit the kobold but do no damage. The kobold hits you but does no damage.
The kobold closely misses you.
You closely miss the kobold. The kobold hits you with a +0 dagger.
You barely miss the kobold. The kobold closely misses you.
You closely miss the kobold. The kobold closely misses you.
You hit the kobold.
The kobold is moderately wounded.
The kobold closely misses you. x2
You hit the kobold.
The kobold is severely wounded.
The kobold hits you with a +0 dagger.
You hit the kobold.
You kill the kobold!
Things that are here:
a +0 dagger; a kobold corpse
Found a stone staircase leading down.
A kobold comes into view. It is wielding a +0 dagger.
Found 13 stones.
The kobold shouts!
Found a book of the Moon, a dagger and 5 gold pieces.
The kobold throws a stone.
The stone hits you but does no damage.
A giant cockroach comes into view.
The kobold is engulfed in blazing flames.
The kobold dies!
The giant cockroach waves its antennae.
What are your orders? t - Shout!
Orders for allies: a - Attack new target. r - Retreat! s - Stop attacking. g - Guard the area. f - Follow me.
Anything else - Cancel.
You shout for attention!
A giant cockroach is nearby!
Things that are here:
a +0 dagger; a kobold corpse
Found a dented silver amulet.
Found a robe.
A giant cockroach is nearby!
Really walk into that cloud of flame?
You are engulfed in blazing flames.
Ouch! That really hurt!
You die...

#.. ... #.. ..# #§☼.
##..# #§§. ....
###...#######..
§§.["".§☼§.##.#..
☼..$):.§☼...#.#.. ##
...(...@§§....#.. .#
###..B#######.# .#.#
#§§☼# #...##... #§°○#
##...##.# #☼○☼#
#.....#.#
#...#########...#
#....##># ###.##
####....######..#####
####.....##.......


You could see a giant cockroach (wandering).

Vanquished Creatures
  A bat (D:1)
  A frilled lizard (D:1)
  A kobold (D:1)
3 creatures vanquished.

Vanquished Creatures (others)
  A kobold (D:1)
1 creature vanquished.

Grand Total: 4 creatures vanquished

Notes
Turn   | Place    | Note
-------+----------+-------------------------------------------
     0 | D:1      | Ge0ff the Gargoyle Monk began the quest for the Orb.
     0 | D:1      | Reached XP level 1. HP: 14/14 MP: 1/1
   294 | D:1      | Engulfed by a cloud of flame

Illustrated notes

Levels and vault maps discovered:
D:1:      dpeg_arrival_chambers_temple_mockup, layout_rooms, serial_shops,
          nicolae_square_shop, minmay_door_square, lemuel_flame_loot_1

Action                   || total
-------------------------++-------
Melee: Mace              ||    14
 Stab: Sleeping          ||     1
Armor: Robe              ||     3
Dodge: Dodged            ||     9

Table legend: (Time is in decaauts)
 A = Elapsed time spent in this place.
 B = Non-inter-level travel time spent in this place.
 C = Inter-level travel time spent in this place.
 D = Time resting spent in this place.
 E = Time spent auto-exploring this place.
 F = Levels seen in this place.
 G = Mean time per level.
                   A        B        C        D        E       F      G
               +--------+--------+--------+--------+--------+-----+--------+
         Total |    297 |    297 |      0 |      0 |    212 |   1 |  297.0 |
       Dungeon |    297 |    297 |      0 |      0 |    212 |   1 |  297.0 |
               +--------+--------+--------+--------+--------+-----+--------+

Top non-repeatable levels by time:
     D:1: 297 daAuts
